 Dungeon Crawl Stone Soup version 0.23.2-33-g5129a83184 (webtiles) character file.

Game seed: 13400134848695832203

504 H0rd4k the Thaumaturge (level 6, -1/32 HPs)
             Began as a Deep Elf Wizard on July 10, 2019.
             Killed by nerve-wracking pain
             ... invoked by a shadow imp
              (13 damage)
             ... on level 5 of the Dungeon.
             The game lasted 00:09:09 (3787 turns).

H0rd4k the Thaumaturge (Deep Elf Wizard)            Turns: 3787, Time: 00:09:09

Health: -1/32      AC:  5    Str:  4    XL:     6   Next: 96%
Magic:  6/19       EV: 13    Int: 30    God:
Gold:   178        SH:  0    Dex: 13    Spells: 15/21 levels left

rFire    . . .     SeeInvis .   (no weapon)
rCold    . . .     Gourm    .   (no shield)
rNeg     . . .     Faith    .   t - +3 robe of Folly {Archmagi, MR-- Int+5}
rPois    .         Spirit   .   b - +0 hat
rElec    .         Reflect  .   (no cloak)
rCorr    .         Harm     .   (no gloves)
MR       .....                  (no boots)
Stlth    ++........             (no amulet)
HPRegen  0.10/turn              (no ring)
MPRegen  0.16/turn              (no ring)

@: no status effects
A: no striking features
a: no special abilities


You were on level 5 of the Dungeon.
You were not hungry.

You visited 1 branch of the dungeon, and saw 5 of its levels.

You collected 178 gold pieces.

Inventory:

Armour
 a - a +0 robe
 b - a +0 hat (worn)
 t - the +3 robe of Folly (worn) {Archmagi, MR-- Int+5}
   (You found it on level 5 of the Dungeon)

   It affects your intelligence (+5).
   It affects your resistance to hostile enchantments.
Scrolls
 e - 8 scrolls of identify {unknown}
 f - a scroll of enchant armour {unknown}
 g - a scroll of remove curse {unknown}
 h - 2 scrolls of fear {unknown}
 j - 3 scrolls of amnesia {unknown}
 k - 2 scrolls of magic mapping {unknown}
 p - 2 scrolls of enchant weapon {unknown}
 r - a scroll of teleportation {unknown}
 s - 2 scrolls of blinking {unknown}
Potions
 c - 2 potions of brilliance {unknown}
 i - a potion of ambrosia {unknown}
 l - 4 potions of flight {unknown}
 m - a potion of heal wounds {unknown}
 n - a potion of magic {unknown}
 o - 3 potions of curing {unknown}
 q - 2 potions of mutation {unknown}
 v - a potion of haste
Comestibles
 d - 6 rations
 u - 2 chunks of flesh


   Skills:
 + Level 3.2 Dodging
 + Level 3.1 Stealth
 + Level 8.2 Spellcasting
 + Level 4.2 Conjurations
   Level 1.1 Summonings
 + Level 1.1 Translocations
 + Level 2.0 Fire Magic


You had 15 spell levels left.
You knew the following spells:

 Your Spells              Type           Power        Failure   Level  Hunger
a - Magic Dart            Conj           ####         1%          1    None
b - Blink                 Tloc           N/A          4%          2    None
c - Conjure Flame         Conj/Fire      #####...     3%          3    None

Your spell library contained the following spells:

 Spells                   Type           Power        Failure   Level  Hunger
 Call Imp                 Summ           ####....     4%          2    None
 Slow                     Hex            ###.....     6%          2    None
 Mephitic Cloud           Conj/Pois/Air  ####....     7%          3    None


Dungeon Overview and Level Annotations

Branches:
Dungeon (5/15)
 Temple: D:4-7

Altars:
Cheibriados
Qazlal
Uskayaw

Shops:
D:4 (

Annotations:
D:4 exclusion: 2 downstairs


Message History

Aim: a gnoll sergeant, wielding a +0 spear and wearing a +0 scale mail (moderately wounded)
You feel a surge of power!
The magic dart hits the gnoll sergeant but does no damage.
The gnoll sergeant is moderately wounded.
The gnoll sergeant throws a stone.
The stone hits you.
Casting: Magic Dart (safe; 1% risk of failure)
Confirm with . or Enter, or press ? or * to list all spells.
Aiming: Magic Dart (safe; 1% risk of failure)
Press: ? - help, Shift-Dir - straight line, f/p - gnoll sergeant
Aim: a gnoll sergeant, wielding a +0 spear and wearing a +0 scale mail (moderately wounded)
You feel a surge of power!
The magic dart hits the gnoll sergeant!
The gnoll sergeant is heavily wounded.
The gnoll sergeant throws a stone.
The stone hits you.
The gnoll sergeant throws a stone.
The stone barely misses you.
You see here a stone.
Things that are here:
a +0 whip; a gnoll skeleton The shadow imp gestures at you.
Pain shoots through your body!
You die...

##.##..##.(##g5......####
###....#.###.#.........##
##.....##.(##.........#
#...####.(##.5#.....##
..### #.(###.#.#.### ...#
#..(..)##### +..#)...##
#..#.....# #..##@...##
#..##<....# ..##.......#
.......$#..##
.......##### .......##
...##.. ..# ... .. #..#


You could see a shadow imp.

Vanquished Creatures
  An ogre (D:5)
  A scorpion (D:5)
  A hound (D:4)
  A centaur zombie (D:5)
  A bullfrog zombie (D:5)
  An orc priest (D:4)
  A bullfrog skeleton (D:5)
  An orc wizard (D:4)
  A howler monkey skeleton (D:4)
  3 gnolls (D:5)
  7 adders
  An ooze (D:3)
  An adder skeleton (D:4)
  2 worms
  3 dart slugs
  4 leopard geckos
  3 orcs
  4 giant cockroaches
  6 goblins
  8 hobgoblins
  7 jackals
  7 kobolds
  A quokka (D:2)
  A ball python (D:5)
  6 bats
  6 frilled lizards
  A jackal skeleton (D:5)
  6 rats
86 creatures vanquished.

Notes
Turn   | Place    | Note
-------+----------+-------------------------------------------
     0 | D:1      | H0rd4k the Deep Elf Wizard began the quest for the Orb.
     0 | D:1      | Reached XP level 1. HP: 10/10 MP: 7/7
   191 | D:1      | Reached skill level 5 in Spellcasting
   191 | D:1      | Reached XP level 2. HP: 15/15 MP: 5/10
   200 | D:1      | Learned a level 2 spell: Blink
   663 | D:2      | Reached XP level 3. HP: 13/19 MP: 3/12
   668 | D:2      | Learned a level 3 spell: Conjure Flame
  1538 | D:3      | Reached skill level 6 in Spellcasting
  1538 | D:3      | Reached XP level 4. HP: 24/24 MP: 9/14
  2331 | D:3      | Found a snail-covered altar of Cheibriados.
  2500 | D:4      | Reached skill level 1 in Fire Magic
  2518 | D:4      | Found a stormy altar of Qazlal.
  2520 | D:4      | Found a hide-covered altar of Uskayaw.
  2532 | D:4      | Reached XP level 5. HP: 19/28 MP: 4/16
  2953 | D:4      | Found Ciorixo's Antique Weapon Shoppe.
  2999 | D:4      | Reached skill level 7 in Spellcasting
  3263 | D:5      | Entered Level 5 of the Dungeon
  3263 | D:5      | Found the +3 robe of Folly {Archmagi, MR-- Int+5}
  3452 | D:5      | Noticed an ogre
  3462 | D:5      | Reached XP level 6. HP: 29/32 MP: 9/18
  3623 | D:5      | Reached skill level 8 in Spellcasting
  3787 | D:5      | Killed from afar by a shadow imp

Skill      XL: |  1  2  3  4  5  6 |
---------------+-------------------+-----
Spellcasting   | 5 6 7 8 |  8.2
Dodging        | 3 |  3.2
Conjurations   | 2 3 4 |  4.2
Fire Magic     | 1 2 |  2.0
Stealth        | 3 |  3.1
Summonings     | |  1.1
Translocations | |  1.1

Action                   |  1- 3 |  4- 6 || total
-------------------------+-------+-------++-------
 Cast: Magic Dart        |   111 |   162 ||   273
       Conjure Flame     |       |     7 ||     7
  Eat: Chunk             |     1 |     7 ||     8
Armor: Robe              |     5 |     9 ||    14
Dodge: Dodged            |    16 |    22 ||    38
